 Dungeon Crawl Stone Soup version 0.32-a0-913-g739538afd8 (webtiles) character file.

Game seed: 4606225544280327647

650 Autsider the Apothecary (level 7, -4/52 HPs)
             Began as a Merfolk Alchemist on Apr 7, 2024.
             Slain by an iguana (12 damage)
             ... on level 5 of the Dungeon.
             The game lasted 00:14:29 (5261 turns).

Autsider the Apothecary (Merfolk Alchemist)         Turns: 5261, Time: 00:14:30

Health: -4/52      AC:  4    Str:  8    XL:     7   Next: 53%
Magic:  6/12       EV: 13    Int: 16    God:
Gold:   223        SH:  0    Dex: 15    Spells: 6/12 levels left

rFire   . . .        y - +2 dagger (venom)
rCold   . . .        (no shield)
rNeg    + . .        a - +0 robe
rPois   .            l - +0 helmet
rElec   .            (no cloak)
rCorr   .            j - +0 pair of gloves
SInv    +            (no boots)
Will    .....        (no amulet)
Stlth   ++           n - ring of see invisible
HPRegen 0.28/turn    v - ring of positive energy
MPRegen 0.13/turn

%: no passive effects
@: no status effects
A: (nimble swimmer 2), mertail
a: no special abilities


You were on level 5 of the Dungeon.
You visited 1 branch of the dungeon, and saw 5 of its levels.

You collected 223 gold pieces.

Inventory:

Hand Weapons
 g - a +0 trident
 m - a +2 dagger of speed
 t - a +0 sling
 y - a +2 dagger of venom (weapon)
 B - a +2 rapier of protection
Armour
 a - a +0 robe (worn)
 j - a +0 pair of gloves (worn)
 l - a +0 helmet (worn)
Jewellery
 n - a ring of see invisible (left hand)
 p - a ring of fire
 v - a ring of positive energy (right hand)
Wands
 A - a wand of paralysis (8)
Scrolls
 c - 5 scrolls of identify {unknown}
 d - a scroll of summoning {unknown}
 f - 2 scrolls of fear {unknown}
 h - a scroll of amnesia {unknown}
 i - 4 scrolls of teleportation {unknown}
 r - a scroll of poison {unknown}
 s - a scroll of enchant weapon {unknown}
 z - a scroll of fog {unknown}
 D - a scroll of vulnerability {unknown}
Potions
 b - a potion of magic
 e - a potion of might {unknown}
 k - a potion of haste {unknown}
 o - a potion of resistance {unknown}
 q - a potion of enlightenment {unknown}
 u - 2 potions of curing {unknown}
 w - a potion of invisibility {unknown}
 x - 3 potions of heal wounds {unknown}
 C - a potion of ambrosia {unknown}


   Skills:
 + Level 3.1 Fighting
 + Level 5.7 Dodging
 - Level 3.0 Stealth
 + Level 3.4 Spellcasting
 - Level 2.0 Conjurations
 - Level 2.0 Air Magic
 - Level 6.0 Alchemy


You had 6 spell levels left.
You knew the following spells:

 Your Spells              Type           Power      Damage    Failure   Level
a - Sting                 Conj/Alch      60%        1d6       3%          1
b - Mercury Vapours       Alch/Air       30%        N/A       5%          2
w - Mephitic Cloud        Conj/Alch/Air  13%        N/A       14%         3

Your spell library contained the following spells:

 Spells                   Type           Power      Damage    Failure   Level
 Olgreb's Toxic Radiance  Alch           21%        N/A       16%         4
 Dazzling Flash           Conj/Hex       10%        N/A       34%         3
 Stone Arrow              Conj/Erth      10%        3d7       34%         3
 Sticky Flame             Fire/Alch      12%        2d5       45%         4
 Animate Armour           Summ/Erth      4%         N/A       87%         4
 Starburst                Conj/Fire      2%         6d3       100%        6
 Lehudib's Crystal Spear  Conj/Erth      2%         10d2      100%        8
 Maxwell's Capacitive Co  Air            4%         ∞         100%        8


Dungeon Overview and Level Annotations

Branches:
Dungeon (5/15)
 Temple: D:4-7

Altars:
Ashenzari
The Shining One

Annotations:
D:4 3 runed translucent doors, exclusion: downstairs, MoonlitKnight's ghost, novice CoHu


Innate Abilities, Weirdness & Mutations

((You are very nimble when in or above water. (Stealth+, EV+, Speed+++)))
Your lower body shifts to a powerful aquatic tail in water.


Message History

The iguana hisses angrily.
Casting: Sting (safe; 3% risk of failure)
Confirm with . or Enter, or press ? or * to list all spells.
Aiming: Mephitic Cloud (dangerous; 14% risk of failure)
Press: ? - help, Shift-Dir - straight line
Okay, then.
Casting: Mephitic Cloud (dangerous; 14% risk of failure)
Confirm with . or Enter, or press ? or * to list all spells.
Aiming: Mephitic Cloud (dangerous; 14% risk of failure)
Press: ? - help, Shift-Dir - straight line, f - iguana
Aim: an iguana (chance to affect: 86%)
The ball explodes into a vile cloud!
The stinking cloud engulfs the iguana.
You hear an angry hiss.
The iguana is engulfed in noxious fumes.
The iguana appears confused.
You are too injured to fight recklessly!
You catch the helpless iguana completely off-guard!
You hit the iguana.
The iguana is poisoned.
The iguana is moderately wounded.
An iguana comes into view.
The iguana hisses angrily.
You hit the iguana.
The iguana looks as sick as possible!
The iguana is moderately wounded.
The iguana bites you!
* * * LOW HITPOINT WARNING * * *
You hit the iguana but do no damage.
The iguana is heavily wounded.
The iguana misses you.
You hit the iguana but do no damage.
The iguana looks as sick as possible!
The iguana is heavily wounded.
The iguana bites you.
* * * LOW HITPOINT WARNING * * *
You barely miss the iguana.
The iguana is severely wounded.
The steam dragon hisses angrily.
You hit the iguana but do no damage.
The iguana looks as sick as possible!
The iguana is severely wounded.
The iguana is engulfed in noxious fumes.
The iguana appears confused.
The iguana bites you!
You die...

####........
...........#
####.............##
##..........#......####
#...........#.........##
#........ #...........#
. #......###§○☼........#
#.#.......D.l○..@l#
#............##.##
#..........###.#
###..>.#....# ###
##....†.###.##
..........###
..D.......# ..#......##
..#......#


You could see a steam dragon and 2 iguanas.

Vanquished Creatures
  A water moccasin (D:5)
  2 scorpions
  A howler monkey (D:5)
  2 bombardier beetles
  Jessica (D:3)
  2 iguanas (D:4)
  7 gnolls (D:4)
  9 adders
  3 ribbon worms
  A dart slug (D:2)
  8 orcs
  7 bats
  8 endoplasms
  3 giant cockroaches
  10 goblins
  3 hobgoblins
  A jackal (D:3)
  10 kobolds
  2 quokkas
  11 ball pythons
  2 frilled lizards (D:3)
  10 rats
104 creatures vanquished.

Notes
Turn   | Place    | Note
-------+----------+-------------------------------------------
     0 | D:1      | Autsider the Merfolk Alchemist began the quest for the Orb.
     0 | D:1      | Reached XP level 1. HP: 13/13 MP: 3/3
   229 | D:1      | Reached skill level 1 in Conjurations
   234 | D:1      | Reached XP level 2. HP: 13/19 MP: 1/5
   352 | D:1      | Learned a level 2 spell: Mercury Vapours
  1116 | D:1      | Reached XP level 3. HP: 24/24 MP: 4/6
  1760 | D:2      | Reached skill level 1 in Air Magic
  1760 | D:2      | Reached XP level 4. HP: 17/30 MP: 0/7
  2622 | D:3      | Noticed Jessica
  2650 | D:3      | Killed Jessica
  2651 | D:3      | Reached skill level 5 in Alchemy
  2869 | D:3      | Reached XP level 5. HP: 35/35 MP: 6/8
  3141 | D:3      | Reached skill level 6 in Alchemy
  3464 | D:4      | Found a glowing golden altar of the Shining One.
  3623 | D:4      | Learned a level 3 spell: Mephitic Cloud
  3646 | D:4      | Reached XP level 6. HP: 42/42 MP: 4/9
  3743 | D:4      | Found a runed translucent gate.
  3745 | D:4      | Found a runed translucent gate.
  3745 | D:4      | Noticed MoonlitKnight's ghost (novice CoHu)
  3747 | D:4      | Found a runed translucent gate.
  3870 | D:4      | Reached skill level 1 in Fighting
  4407 | D:4      | Found a broken altar of Ashenzari.
  4437 | D:4      | Reached skill level 5 in Dodging
  4437 | D:4      | Reached XP level 7. HP: 50/50 MP: 7/11
  4849 | D:5      | Entered Level 5 of the Dungeon
  4987 | D:5      | Noticed a steam dragon
  5261 | D:5      | Slain by an iguana

Illustrated notes

Levels and vault maps discovered:
D:1:      psy_arrival_dodecagon, layout_loops_corners
D:2:      layout_basic
D:3:      layout_basic, minmay_cut_off, uniq_jessica
D:4:      layout_basic, cheibrodos_ashenzari_chains,
          mainiacjoe_overflow_small_starburst, gammafunk_ghost_nasty_kobolds,
          nicolae_figureground_sparkle
D:5:      layout_cave_pools, mainiacjoe_overflow_alcove_1, lemuel_crystal_altar,
          marbit_many_paths, nicolae_hepliaklqana_hippocampus, minmay_between

Skill      XL: |  1  2  3  4  5  6  7 |
---------------+----------------------+-----
Conjurations   | 1 2 |  2.0
Dodging        | 3 4 5 |  5.7
Stealth        | 3 |  3.0
Air Magic      | 1 2 |  2.0
Alchemy        | 5 6 |  6.0
Fighting       | 2 3 |  3.1
Spellcasting   | 3 |  3.4

Action                     |  1- 3 |  4- 6 |  7- 9 || total
---------------------------+-------+-------+-------++-------
  Melee: Unarmed           |     4 |       |       ||     4
         Trident           |    36 |    40 |       ||    76
         Dagger            |       |    42 |    24 ||    66
   Cast: Sting             |    61 |    86 |    20 ||   167
         Mephitic Cloud    |       |     2 |     1 ||     3
         Mercury Vapours   |       |     1 |     2 ||     3
   Stab: Sleeping          |     1 |     1 |       ||     2
         Confused          |       |       |     1 ||     1
 Armour: Robe              |    30 |    48 |    20 ||    98
  Dodge: Dodged            |    35 |    60 |    24 ||   119

Table legend: (Time is in decaauts)
 A = Elapsed time spent in this place.
 B = Non-inter-level travel time spent in this place.
 C = Inter-level travel time spent in this place.
 D = Time resting spent in this place.
 E = Time spent auto-exploring this place.
 F = Levels seen in this place.
 G = Mean time per level.
                   A        B        C        D        E       F      G
               +--------+--------+--------+--------+--------+-----+--------+
         Total |   5281 |   4954 |    327 |    397 |   3708 |   5 | 1056.2 |
       Dungeon |   5281 |   4954 |    327 |    397 |   3708 |   5 | 1056.2 |
               +--------+--------+--------+--------+--------+-----+--------+

Top non-repeatable levels by time:
     D:4: 1511 daAuts
     D:2: 1262 daAuts
     D:1: 1198 daAuts
     D:3: 1080 daAuts
     D:5: 227 daAuts
